NWL (28 & UNDER)
RIVERSIDE RED BULLS @ RED DEER WRANGLERS
07/05/2027
 
TOP OF THE 1ST
Riverside Red Bulls batting - Pitching for Red Deer Wranglers : RHP José Ramos
Pitching: RHP José Ramos
Batting: RHB Kevin Brown 0-0: Ball
1-0: Called Strike
1-1: Called Strike
1-2: Foul Ball, location: 2F
1-2: Ball
2-2: Foul Ball, location: 2F
2-2: Ball
3-2: SINGLE (Groundball, 56D)
Batting: LHB José Arce 0-0: Ball
1-0: Foul Ball, location: 2F
1-1: Ball
2-1: Ball
3-1: Base on Balls
Kevin Brown to second
Batting: LHB Mike Petersen 0-0: Ball
1-0: Ball
2-0: Fly out, F3 (Popup, 3)
Batting: RHB Fernando Bórquez 0-0: Called Strike
Kevin Brown steals 3rd base
José Arce to second
0-1: Ball
1-1: Called Strike
1-2: SINGLE (Flyball, 78S)
Kevin Brown scores
José Arce to third
Runner from 3rd tries for Home, SAFE, throw made home
Fernando Bórquez to second
Batting: SHB Walt Simmons 0-0: Foul Ball, location: 2F
0-1: DOUBLE (Line Drive, 78XD)
Fernando Bórquez scores
Batting: RHB Pedro Mata 0-0: Ground out 5-3 (Groundball, 56S)
Walt Simmons to third
Batting: RHB Marcos Hernández 0-0: Called Strike
0-1: Ball
1-1: Fly out, F8 (Flyball, 89D)
Top of the 1st over - 3 run(s), 3 hit(s), 0 error(s), 1 left on base; Riverside 3 - Red Deer 0
BOTTOM OF THE 1ST
Red Deer Wranglers batting - Pitching for Riverside Red Bulls : RHP Ricardo López
Pitching: RHP Ricardo López
Batting: RHB Ben Fisher 0-0: Called Strike
0-1: SINGLE (Groundball, 56D)
Batting: LHB Jorge Olvera 0-0: Called Strike
0-1: Foul Ball, location: 2F
0-2: Hit by Pitch
Ben Fisher to second
Batting: RHB Luis Ibarra 0-0: Foul Ball, location: 2F
0-1: Ball
1-1: Called Strike
1-2: Strikes out swinging
Batting: LHB Fred Abrams 0-0: DOUBLE (Groundball, 3L)
Ben Fisher scores
Jorge Olvera to third
Batting: LHB Russell Peck 0-0: DOUBLE (Line Drive, 7D)
Jorge Olvera scores
Fred Abrams scores
Batting: LHB Andrew Veeck 0-0: Called Strike
0-1: Swinging Strike
0-2: Fly out, F8 (Flyball, 78M)
Batting: RHB Xavier López 0-0: Ground out 5-3 (Groundball, 5)
Bottom of the 1st over - 3 run(s), 3 hit(s), 0 error(s), 1 left on base; Riverside 3 - Red Deer 3
TOP OF THE 2ND
Riverside Red Bulls batting - Pitching for Red Deer Wranglers : RHP José Ramos
Batting: RHB Brandon Pope 0-0: Ball
1-0: Ball
2-0: Foul Ball, location: 2F
2-1: Ball
3-1: Base on Balls
Batting: RHB José Vázquez 0-0: Ball
1-0: Foul Ball, location: 2F
1-1: Ball
2-1: Grounds into double play, 4-6-3 (Groundball, 4)
Batting: RHB Kevin Brown 0-0: Ground out 4-3 (Groundball, 4)
Top of the 2nd over - 0 run(s), 0 hit(s), 0 error(s), 0 left on base; Riverside 3 - Red Deer 3
BOTTOM OF THE 2ND
Red Deer Wranglers batting - Pitching for Riverside Red Bulls : RHP Ricardo López
Batting: RHB Ricardo González 0-0: SINGLE (Groundball, 34D)
Batting: RHB Luis Peña 0-0: Foul Ball, location: 2F
0-1: Ball
1-1: Ball
2-1: SINGLE (Line Drive, 56)
Ricardo González to second
Batting: RHB Ben Fisher 0-0: DOUBLE (Groundball, 3L)
Ricardo González scores
Luis Peña to third
Batting: LHB Jorge Olvera 0-0: Called Strike
0-1: Ball
1-1: Ball
2-1: Single, Error in OF, E7, batter to second base
Luis Peña scores
Ben Fisher scores
Batting: RHB Luis Ibarra 0-0: Ball
1-0: Ball
2-0: Ball
3-0: Base on Balls
Batting: LHB Fred Abrams 0-0: Swinging Strike
0-1: Ball
1-1: Ball
2-1: Ball
3-1: Foul Ball, location: 2F
3-2: Base on Balls
Jorge Olvera to third
Luis Ibarra to second
Batting: LHB Russell Peck 0-0: Foul Ball, location: 2F
0-1: Foul Ball, location: 2F
0-2: Ball
1-2: Fly out, F9 (Flyball, 9S)
Batting: LHB Andrew Veeck 0-0: Foul Ball, location: 2F
0-1: Ball
1-1: SINGLE (Line Drive, 7S)
Jorge Olvera scores
Luis Ibarra to third
Fred Abrams to second
Throwing error, E7
Luis Ibarra scores
Fred Abrams to third
Andrew Veeck to second
Pitching: RHP Omar Camacho
Batting: RHB Xavier López 0-0: Ball
1-0: Ball
2-0: Ball
3-0: Called Strike
3-1: Base on Balls
Batting: RHB Ricardo González 0-0: Grounds into double play, 4-6-3 (Groundball, 4M)
Bottom of the 2nd over - 5 run(s), 5 hit(s), 2 error(s), 2 left on base; Riverside 3 - Red Deer 8
TOP OF THE 3RD
Riverside Red Bulls batting - Pitching for Red Deer Wranglers : RHP José Ramos
Batting: LHB José Arce 0-0: Ball
1-0: Ground out 4-3 (Groundball, 4)
Batting: LHB Mike Petersen 0-0: Ball
1-0: Fly out, F9 (Flyball, 89D)
Batting: RHB Fernando Bórquez 0-0: Called Strike
0-1: Ground out 6-3 (Groundball, 6)
Top of the 3rd over - 0 run(s), 0 hit(s), 0 error(s), 0 left on base; Riverside 3 - Red Deer 8
BOTTOM OF THE 3RD
Red Deer Wranglers batting - Pitching for Riverside Red Bulls : RHP Omar Camacho
Batting: RHB Luis Peña 0-0: Ball
1-0: Called Strike
1-1: Ball
2-1: Foul Ball, location: 2F
2-2: TRIPLE (Flyball, 8LS)
Batting: RHB Ben Fisher 0-0: Foul Ball, location: 2F
0-1: Ground out 6-3 (Groundball, 6S)
Luis Peña scores
Batting: LHB Jorge Olvera 0-0: Foul Ball, location: 2F
0-1: Foul Ball, location: 2F
0-2: Strikes out looking
Batting: RHB Luis Ibarra 0-0: Ball
1-0: Ball
2-0: Ball
3-0: Foul Ball, location: 2F
3-1: Base on Balls
Batting: LHB Fred Abrams 0-0: Foul Ball, location: 2F
0-1: Foul Ball, location: 2F
0-2: Ball
1-2: Ball
2-2: Ball
3-2: SINGLE (Line Drive, 8RS)
Luis Ibarra to second
Luis Ibarra to third
Batting: LHB Russell Peck 0-0: Called Strike
0-1: Ball
1-1: Ball
2-1: Foul Ball, location: 2F
2-2: Ball
3-2: 3-RUN HOME RUN (Flyball, 9D), Distance : 341 ft
Batting: LHB Andrew Veeck 0-0: Foul Ball, location: 2F
0-1: Ball
1-1: Ball
2-1: Ground out 4-3 (Groundball, 34)
Bottom of the 3rd over - 4 run(s), 3 hit(s), 0 error(s), 0 left on base; Riverside 3 - Red Deer 12
TOP OF THE 4TH
Riverside Red Bulls batting - Pitching for Red Deer Wranglers : RHP José Ramos
Batting: SHB Walt Simmons 0-0: Foul Ball, location: 2F
0-1: Called Strike
0-2: Foul Ball, location: 2F
0-2: Strikes out looking
Batting: RHB Pedro Mata 0-0: Called Strike
0-1: Ball
1-1: Called Strike
1-2: Ball
2-2: Ground out 4-3 (Groundball, 4)
Batting: RHB Marcos Hernández 0-0: Foul Ball, location: 2F
0-1: Called Strike
0-2: Fly out, F9 (Flyball, 9)
Top of the 4th over - 0 run(s), 0 hit(s), 0 error(s), 0 left on base; Riverside 3 - Red Deer 12
BOTTOM OF THE 4TH
Red Deer Wranglers batting - Pitching for Riverside Red Bulls : RHP Omar Camacho
Pitching: RHP Gene Whitley
Batting: RHB Xavier López 0-0: SINGLE (Line Drive, 78S)
Batting: RHB Ricardo González 0-0: Ball
Xavier López is caught stealing 2nd base
1-0: Foul Ball, location: 2F
1-1: Ball
2-1: Ball
3-1: Foul Ball, location: 2F
3-2: SINGLE (Line Drive, 8LS)
Batting: RHB Luis Peña 0-0: Foul Ball, location: 2F
0-1: Called Strike
0-2: Ball
1-2: Ball
2-2: Reached on error, E6 (Groundball, 6)
Ricardo González to second
Batting: RHB Ben Fisher 0-0: Ball
1-0: Ball
2-0: Called Strike
2-1: Ball
3-1: Base on Balls
Ricardo González to third
Luis Peña to second
Batting: LHB Jorge Olvera 0-0: Called Strike
0-1: Foul Ball, location: 2F
0-2: Foul Ball, location: 2F
0-2: Strikes out swinging
Batting: RHB Luis Ibarra 0-0: SINGLE (Groundball, 6D)
Ricardo González scores
Luis Peña to third
Ben Fisher to second
Runner from 3rd tries for Home, SAFE, no throw
Batting: LHB Fred Abrams 0-0: Foul Ball, location: 2F
0-1: Foul Ball, location: 2F
0-2: Ball
1-2: Ball
2-2: Ball
3-2: Base on Balls
Ben Fisher to third
Luis Ibarra to second
Batting: LHB Russell Peck 0-0: SINGLE (Groundball, 13S) (infield hit)
Ben Fisher scores
Luis Ibarra to third
Fred Abrams to second
Pitching: RHP Rob Snyder
Batting: LHB Andrew Veeck 0-0: Called Strike
0-1: Foul Ball, location: 2F
0-2: Fielders Choice at 2nd, 4-6 (Groundball, 4)
Bottom of the 4th over - 3 run(s), 4 hit(s), 1 error(s), 2 left on base; Riverside 3 - Red Deer 15
TOP OF THE 5TH
Riverside Red Bulls batting - Pitching for Red Deer Wranglers : RHP José Ramos
Batting: RHB Brandon Pope 0-0: Called Strike
0-1: Ball
1-1: Ball
2-1: Ball
3-1: Called Strike
3-2: Base on Balls
Batting: RHB José Vázquez 0-0: Ground out 5-3 (Groundball, 56S)
Brandon Pope to second
Batting: RHB Kevin Brown 0-0: Called Strike
0-1: Foul Ball, location: 2F
0-2: Ball
1-2: Ball
2-2: Strikes out looking
Batting: LHB José Arce 0-0: Swinging Strike
0-1: Swinging Strike
0-2: Strikes out swinging
Top of the 5th over - 0 run(s), 0 hit(s), 0 error(s), 1 left on base; Riverside 3 - Red Deer 15
BOTTOM OF THE 5TH
Red Deer Wranglers batting - Pitching for Riverside Red Bulls : RHP Rob Snyder
Batting: RHB Xavier López 0-0: DOUBLE (Flyball, 78XD)
Batting: RHB Ricardo González 0-0: Called Strike
0-1: Swinging Strike
0-2: Ball
1-2: Ball
2-2: Strikes out swinging
Batting: RHB Luis Peña 0-0: Fly out, F7 (Flyball, 78S)
Batting: RHB Ben Fisher 0-0: Called Strike
0-1: Ball
1-1: Ball
2-1: Swinging Strike
2-2: Foul Ball, location: 2F
2-2: Strikes out looking
Bottom of the 5th over - 0 run(s), 1 hit(s), 0 error(s), 1 left on base; Riverside 3 - Red Deer 15
TOP OF THE 6TH
Riverside Red Bulls batting - Pitching for Red Deer Wranglers : RHP José Ramos
Batting: LHB Mike Petersen 0-0: Ball
1-0: Fly out, F9 (Flyball, 9LMF)
Batting: RHB Fernando Bórquez 0-0: Ball
1-0: DOUBLE (Line Drive, 7LD)
Batting: SHB Walt Simmons 0-0: Ball
1-0: Foul Ball, location: 2F
1-1: Foul Ball, location: 2F
1-2: Ball
2-2: SINGLE (Groundball, 34) (infield hit)
Fernando Bórquez to third
Batting: RHB Pedro Mata 0-0: Called Strike
0-1: Fly out, F6 (Popup, 6D)
Batting: RHB Marcos Hernández 0-0: Ball
1-0: Ball
2-0: Ball
3-0: Called Strike
3-1: Base on Balls
Walt Simmons to second
Batting: RHB Brandon Pope 0-0: Fly out, F9 (Flyball, 9LD)
Top of the 6th over - 0 run(s), 2 hit(s), 0 error(s), 3 left on base; Riverside 3 - Red Deer 15
BOTTOM OF THE 6TH
Red Deer Wranglers batting - Pitching for Riverside Red Bulls : RHP Rob Snyder
Batting: LHB Jorge Olvera 0-0: Called Strike
0-1: Ball
1-1: DOUBLE (Flyball, 9LM)
Batting: RHB Luis Ibarra 0-0: Ball
1-0: Swinging Strike
1-1: Ball
2-1: Ground out 4-3 (Groundball, 4M)
Jorge Olvera to third
Batting: LHB Fred Abrams 0-0: 2-RUN HOME RUN (Flyball, 8LXD), Distance : 422 ft
Batting: LHB Russell Peck 0-0: Foul Ball, location: 2F
0-1: Swinging Strike
0-2: Ball
1-2: Fly out, F8 (Flyball, 8RS)
Batting: LHB Andrew Veeck 0-0: Ball
1-0: SINGLE (Groundball, 56D)
Batting: RHB Xavier López 0-0: Called Strike
0-1: Ball
1-1: Swinging Strike
1-2: Ball
2-2: Ball
3-2: Single, Error in OF, E9, batter to second base
Andrew Veeck to third
Batting: RHB Ricardo González 0-0: Swinging Strike
0-1: Ball
1-1: Ground out U3 (Groundball, 34)
Bottom of the 6th over - 2 run(s), 4 hit(s), 1 error(s), 2 left on base; Riverside 3 - Red Deer 17
TOP OF THE 7TH
Riverside Red Bulls batting - Pitching for Red Deer Wranglers : RHP José Ramos
Batting: RHB José Vázquez 0-0: SINGLE (Line Drive, 78S)
Batting: RHB Kevin Brown 0-0: Foul Ball, location: 2F
0-1: Foul Ball, location: 2F
0-2: Ball
1-2: Strikes out swinging
Batting: LHB José Arce 0-0: Foul Ball, location: 2F
0-1: Ball
1-1: Foul Ball, location: 2F
1-2: Foul Ball, location: 2F
1-2: Foul Ball, location: 2F
1-2: Ball
2-2: Fly out, F8 (Line Drive, 8RM)
Pitching: RHP Simón Amejorado
Batting: LHB Mike Petersen 0-0: SINGLE (Groundball, 34D)
José Vázquez to second
Runner from 2nd tries for 3rd, SAFE, throw made to third
Batting: RHB Fernando Bórquez 0-0: Called Strike
0-1: Ball
1-1: Swinging Strike
1-2: Ball
2-2: Fielders Choice at 2nd, 5-4 (Groundball, 56)
Top of the 7th over - 0 run(s), 2 hit(s), 0 error(s), 1 left on base; Riverside 3 - Red Deer 17
BOTTOM OF THE 7TH
Red Deer Wranglers batting - Pitching for Riverside Red Bulls : RHP Rob Snyder
Batting: RHB Luis Peña 0-0: Ball
1-0: Called Strike
1-1: Foul Ball, location: 2F
1-2: Foul Ball, location: 2F
1-2: Strikes out swinging
Batting: RHB Ben Fisher 0-0: Ball
1-0: Ball
2-0: Swinging Strike
2-1: Swinging Strike
2-2: Foul Ball, location: 2F
2-2: Strikes out swinging
Batting: LHB Jorge Olvera 0-0: Foul Ball, location: 2F
0-1: Ball
1-1: Swinging Strike
1-2: Strikes out swinging
Bottom of the 7th over - 0 run(s), 0 hit(s), 0 error(s), 0 left on base; Riverside 3 - Red Deer 17
TOP OF THE 8TH
Riverside Red Bulls batting - Pitching for Red Deer Wranglers : RHP Simón Amejorado
Batting: SHB Walt Simmons 0-0: Called Strike
0-1: Called Strike
0-2: Fly out, F4 (Popup, 34D)
Batting: RHB Pedro Mata 0-0: Called Strike
0-1: Ball
1-1: Called Strike
1-2: Ball
2-2: Ball
3-2: SOLO HOME RUN (Flyball, 7LD), Distance : 314 ft
Batting: RHB Marcos Hernández 0-0: Called Strike
0-1: Ground out 1-3 (Groundball, P)
Batting: RHB Brandon Pope 0-0: Ball
1-0: Ground out 6-3 (Groundball, 6MS)
Top of the 8th over - 1 run(s), 1 hit(s), 0 error(s), 0 left on base; Riverside 4 - Red Deer 17
BOTTOM OF THE 8TH
Red Deer Wranglers batting - Pitching for Riverside Red Bulls : RHP Rob Snyder
Pitching: RHP Jeff Smith
Batting: RHB Luis Ibarra 0-0: Ball
1-0: DOUBLE (Flyball, 89XD)
Batting: LHB Fred Abrams 0-0: 2-RUN HOME RUN (Flyball, 9LD), Distance : 331 ft
Batting: LHB Russell Peck 0-0: Fly out, F7 (Flyball, 7S)
Batting: LHB Andrew Veeck 0-0: Ball
1-0: Called Strike
1-1: Ball
2-1: Ball
3-1: Ground out 6-3 (Groundball, 56)
Batting: RHB Xavier López 0-0: Ball
1-0: Ball
2-0: Fly out, F6 (Popup, 56D)
Bottom of the 8th over - 2 run(s), 2 hit(s), 0 error(s), 0 left on base; Riverside 4 - Red Deer 19
TOP OF THE 9TH
Riverside Red Bulls batting - Pitching for Red Deer Wranglers : RHP Simón Amejorado
Batting: RHB José Vázquez 0-0: Called Strike
0-1: Called Strike
0-2: Strikes out swinging
Batting: RHB Kevin Brown 0-0: Foul Ball, location: 2F
0-1: Ball
1-1: Ball
2-1: Called Strike
2-2: Ground out 5-3 (Groundball, 25)
Batting: LHB José Arce 0-0: Ball
1-0: Ball
2-0: Foul Ball, location: 2F
2-1: Ground out 4-3 (Groundball, 4)
Top of the 9th over - 0 run(s), 0 hit(s), 0 error(s), 0 left on base; Riverside 4 - Red Deer 19
Thursday, March 30th, 2017 - OOTP Baseball 17.12 Build 75